 Dungeon Crawl Stone Soup version 0.28.0-53-g5a82cb258f (console) character file.

Game seed: 895951454250635272

558 erker the Slasher (level 7, 0/59 HPs)
             Began as a Minotaur Gladiator on June 24, 2022.
             Frozen to death by an endoplasm (4 damage)
             ... on level 4 of the Dungeon.
             The game lasted 00:07:28 (3103 turns).

erker the Slasher (Minotaur Gladiator)              Turns: 3103, Time: 00:07:29

Health: 0/59       AC:  4    Str: 18    XL:     7   Next: 9%
Magic:  6/6        EV: 18    Int:  5    God:
Gold:   165        SH:  0    Dex: 14    Spells: 6/6 levels left

rFire   . . .      SeeInvis .   a - +0 long sword
rCold   . . .      Faith    .   (no shield)
rNeg    . . .      Spirit   .   b - +0 leather armour
rPois   .          Reflect  .   c - +0 hat
rElec   .          Harm     .   (no cloak)
rCorr   .          Rampage  .   m - +0 pair of gloves
Will    .....                   (no boots)
Stlth   +.........              (no amulet)
HPRegen 0.19/turn               o - +4 ring of evasion
MPRegen 0.10/turn               (no ring)

@: no status effects
A: horns 2, retaliatory headbutt
a: no special abilities


You were on level 4 of the Dungeon.
You visited 1 branch of the dungeon, and saw 4 of its levels.

You collected 165 gold pieces.

Inventory:

Hand Weapons
 a - a +0 long sword (weapon)
Missiles
 d - 3 throwing nets (quivered)
 h - 5 poisoned darts
Armour
 b - a +0 leather armour (worn)
 c - a +0 hat (worn)
 m - a +0 pair of gloves (worn)
Jewellery
 o - a +4 ring of evasion (left hand)
 r - an amulet of magic regeneration
Wands
 l - a wand of iceblast (7)
Scrolls
 g - 3 scrolls of identify {unknown}
 j - 3 scrolls of teleportation {unknown}
 n - 3 scrolls of fear {unknown}
 q - a scroll of brand weapon {unknown}
 t - a scroll of enchant armour {unknown}
Potions
 e - a potion of curing
 f - a potion of attraction {unknown}
 i - a potion of ambrosia {unknown}
 k - a potion of might {unknown}
 p - a potion of mutation {unknown}
 s - a potion of brilliance {unknown}


   Skills:
 + Level 4.0 Fighting
 + Level 7.2 Long Blades
 - Level 2.0 Throwing
 + Level 3.0 Armour
 * Level 5.4 Dodging


You had 6 spell levels left.
You didn't know any spells.
Your spell library contained the following spells:

 Spells                   Type           Power      Damage    Failure   Level
 Sting                    Tmut/Pois      0%         1d3       54%         1
 Poisonous Vapours        Pois/Air       0%         N/A       67%         2
 Static Discharge         Conj/Air       0%         N/A       67%         2
 Dispel Undead            Necr           0%         3d6       99%         4
 Olgreb's Toxic Radiance  Pois           0%         N/A       99%         4
 Sticky Flame             Conj/Fire      0%         2d3       99%         4


Dungeon Overview and Level Annotations

Branches:
Dungeon (4/15)
 Temple: D:4-7

Altars:
Ashenzari
Cheibriados
Hepliaklqana
Vehumet


Innate Abilities, Weirdness & Mutations

You have a pair of horns on your head.
You reflexively headbutt those who attack you in melee.


Message History

The orc wizard points at you and mumbles some strange words.
The puff of flame hits you.
The orc priest shouts!
Something hits you.
You closely miss something. The orc wizard casts a spell at you.
The puff of flame hits you!
* * * LOW HITPOINT WARNING * * *
Something hits you.
* * * LOW HITPOINT WARNING * * *
The orc closely misses you.
You closely miss something. Your headbutt misses something.
Your punch misses something. The endoplasm barely misses you.
The orc wizard closely misses you. Something hits you.
* * * LOW HITPOINT WARNING * * *
The orc hits you but does no damage.
You closely miss something. Your headbutt misses something.
The endoplasm freezes you.
You are frozen.
* * * LOW HITPOINT WARNING * * *
The orc wizard barely misses you. Something hits you.
* * * LOW HITPOINT WARNING * * *
The orc closely misses you. You furiously retaliate!
You headbutt the orc!
You kill the orc!
Something closely misses you.
You closely miss something. The endoplasm freezes you.
You are frozen.
* * * LOW HITPOINT WARNING * * *
It was a potion of curing.
You feel better. The endoplasm barely misses you.
You hear some strange, mumbled words.
A magic dart appears from out of thin air!
The magic dart hits you!
* * * LOW HITPOINT WARNING * * *
The orc priest hits you with a +0 hand axe.
* * * LOW HITPOINT WARNING * * *
You hit the orc priest but do no damage.
The endoplasm freezes you.
You are frozen.
You die...

..≈≈ #... .... #... ♣....
###... ♣♣...♣ .......
♣.....♣ ........
.......♣♣ #.........
..≈≈≈..o♣ #.........
.≈≈≈≈≈oJ########.........
.≈≈♣≈≈.o@................
.≈≈≈≈≈..{................
..≈≈≈......(.............
.........................
#.......................#
###.#/.................##
#...............##..##≈
###.............##.##≈≈
#.............†..#≈≈.


You could see an orc priest, an orc wizard, an orc and an endoplasm.

Vanquished Creatures
  A black bear (D:4)
  A scorpion (D:4)
  A wyvern skeleton (D:3)
  A howler monkey (D:4)
  A bullfrog skeleton (D:4)
  A hound (D:4)
  A jelly (D:2)
  A gnoll shaman (D:4)
  An iguana (D:4)
  Robin (D:2)
  4 gnolls (D:4)
  2 adders
  An adder skeleton (D:4)
  A worm (D:2)
  A dart slug (D:3)
  4 orcs
  4 ball pythons
  4 bats
  14 endoplasms
  2 giant cockroaches
  14 goblins
  11 hobgoblins
  2 jackals (D:2)
  4 quokkas
  2 frilled lizards
  12 kobolds
  3 rats
  A toadstool (D:1)
96 creatures vanquished.

Vanquished Creatures (others)
  4 fungi (D:2)
  10 toadstools
14 creatures vanquished.

Grand Total: 110 creatures vanquished

Notes
Turn   | Place    | Note
-------+----------+-------------------------------------------
     0 | D:1      | erker the Minotaur Gladiator began the quest for the Orb.
     0 | D:1      | Reached XP level 1. HP: 18/18 MP: 0/0
    94 | D:1      | Reached XP level 2. HP: 20/25 MP: 1/1
   345 | D:1      | Found a faded altar of an unknown god.
   357 | D:1      | Reached skill level 4 in Long Blades
   962 | D:2      | Reached XP level 3. HP: 30/30 MP: 2/2
  1647 | D:2      | Reached skill level 5 in Long Blades
  1647 | D:2      | Reached skill level 1 in Armour
  1647 | D:2      | Reached XP level 4. HP: 31/38 MP: 3/3
  1794 | D:2      | Noticed Robin
  1805 | D:2      | Killed Robin
  2051 | D:3      | Reached XP level 5. HP: 30/45 MP: 4/4
  2426 | D:3      | Found a broken altar of Ashenzari.
  2875 | D:4      | Reached skill level 6 in Long Blades
  2875 | D:4      | Reached XP level 6. HP: 32/51 MP: 5/5
  2928 | D:4      | Reached skill level 5 in Dodging
  2966 | D:4      | Reached skill level 7 in Long Blades
  2966 | D:4      | Reached XP level 7. HP: 7/58 MP: 6/6
  3072 | D:4      | Found a snail-covered altar of Cheibriados.
  3072 | D:4      | Found a hazy altar of Hepliaklqana.
  3073 | D:4      | Found a radiant altar of Vehumet.
  3103 | D:4      | Frozen to death by an endoplasm

Illustrated notes

Levels and vault maps discovered:
D:1:      ldierk_water_garden, layout_basic,
          hellmonk_ecumenical_altar_arch_garden, wad_floor_pattern_2
D:2:      cheibrodos_fertilizer, layout_basic, uniq_robin
D:3:      layout_basic, lemuel_doored_altar
D:4:      layout_basic, elyvilon_altar_3, gammafunk_temple_overflow_claw,
          nicolae_ossuary_entry_ruins, minmay_close_crescents,
          uniq_crazy_yiuf_cottage, uniq_pikel, uniq_natasha

Skill      XL: |  1  2  3  4  5  6  7 |
---------------+----------------------+-----
Long Blades    | 4 5 6 7 |  7.2
Dodging        | 4 5 |  5.4
Fighting       | 3 4 |  4.0
Armour         | 1 2 3 |  3.0
Throwing       | |  2.0

Action                   |  1- 3 |  4- 6 |  7- 9 || total
-------------------------+-------+-------+-------++-------
Melee: Long sword        |    86 |   100 |    10 ||   196
       Headbutt          |     9 |    18 |       ||    27
       Punch             |     2 |     1 |       ||     3
  Use: Potion            |       |       |     1 ||     1
 Stab: Sleeping          |     1 |       |       ||     1
Armor: Leather armour    |    18 |    20 |     2 ||    40
Dodge: Dodged            |    48 |    74 |     9 ||   131
